 Dungeon Crawl Stone Soup version 0.25-a0-578-gc91f01c39c (webtiles) character file.

Game seed: 12226930061944648212, levelgen mode: deterministic

49743 Amnekian the Blocker (level 14, -4/94 HPs)
             Began as an Octopode Ice Elementalist on Mar 1, 2020.
             Was a Priest of Cheibriados.
             Slain by a shock serpent (14 damage)
             ... on level 1 of the Snake Pit on Mar 3, 2020.
             The game lasted 04:57:20 (37520 turns).

Amnekian the Blocker (Octopode Ice Elementalist)   Turns: 37520, Time: 04:57:21

Health: -4/94      AC:  3    Str: 18    XL:     14   Next: 52%
Magic:  15/20      EV: 24    Int: 33    God:    Cheibriados [***...]
Gold:   658        SH: 21    Dex: 22    Spells: 6/21 levels left

rFire    + . .     SeeInvis .   a - +4 short sword
rCold    . . .     Gourm    .   P - +0 kite shield
rNeg     . . .     Faith    .   o - +1 hat
rPois    +         Spirit   .   u - brooch of Shielding {Reflect SH+8}
rElec    .         Reflect  +   K - ring of protection from fire
rCorr    +         Harm     .   v - ring of resist corrosion
MR       ++...                  w - ring of wizardry
Stlth    ++++++....             O - +4 ring of intelligence
HPRegen  0.25/turn              G - +1 ring of protection
MPRegen  0.17/turn              F - ring of protection from magic
                                z - ring of poison resistance
                                d - +3 ring of strength

@: very slow
A: almost no armour, stealthy swim, amphibious, 8 rings, constrict 8, camouflage
1, gelatinous body 1
a: Bend Time, Temporal Distortion, Renounce Religion


You were on level 1 of the Snake Pit.
You worshipped Cheibriados.
Cheibriados was most pleased with you.
You were not hungry.

You visited 6 branches of the dungeon, and saw 23 of its levels.
You also visited: Ice Cave.

You collected 1499 gold pieces.
You spent 841 gold pieces at shops.

Inventory:

Hand Weapons
 a - a +4 short sword (weapon)
 b - a +2 hunting sling of freezing
Missiles
 p - 131 sling bullets
 t - 47 poisoned darts (quivered)
 B - 2 atropa-tipped darts
 L - 7 curare-tipped darts
 R - 2 throwing nets
Armour
 o - a +1 hat (worn)
 P - a +0 kite shield (worn)
Magical Staves
 Q - an uncursed staff of wizardry
Jewellery
 d - a +3 ring of strength (on tentacle)
 l - an uncursed ring of protection from cold
 u - the brooch of Shielding (around mantle) {Reflect SH+8}
   (You found it on level 6 of the Dungeon)

   [amulet of reflection]

   It shields you and reflects attacks.
   It affects your SH (+8).
 v - a ring of resist corrosion (right tentacle)
 w - a ring of wizardry (on tentacle)
 z - a ring of poison resistance (on tentacle)
 C - an uncursed ring of resist corrosion
 F - a ring of protection from magic (on tentacle)
 G - a +1 ring of protection (on tentacle)
 K - a ring of protection from fire (left tentacle)
 O - a +4 ring of intelligence (on tentacle)
 W - an uncursed ring of see invisible
Wands
 c - a wand of flame (9)
 i - a wand of paralysis (11)
 E - a wand of acid (27)
 H - a wand of scattershot (6)
 J - a wand of enslavement (9)
 N - a wand of disintegration (31)
Scrolls
 f - 3 scrolls of identify
 h - 7 scrolls of magic mapping
 n - 10 scrolls of remove curse
 r - 2 scrolls of blinking
 y - 5 scrolls of immolation
 A - 4 scrolls of teleportation
 I - 2 scrolls of enchant armour
 U - 5 scrolls of fog
 V - 2 scrolls of enchant weapon
Potions
 e - 8 potions of curing
 g - 5 potions of flight
 j - 4 potions of lignification
 k - 4 potions of resistance
 q - 3 potions of magic
 s - 5 potions of brilliance
 x - a potion of heal wounds
 D - 4 potions of cancellation
 X - a potion of ambrosia
 Y - a potion of might {unknown}
 Z - 2 potions of stabbing
Miscellaneous
 M - a phial of floods (inert)
 S - a lightning rod (4/4)
 T - a lightning rod (4/4)
Comestibles
 m - 23 rations


   Skills:
 - Level 8.0 Fighting
 - Level 11.7 Dodging
 - Level 11.1 Stealth
 - Level 11.9 Shields
 - Level 4.0 Spellcasting
 + Level 8.5 Conjurations
 - Level 5.0 Summonings
 - Level 7.4 Ice Magic
 - Level 2.2 Air Magic
 - Level 7.5 Invocations
 - Level 6.0 Evocations


You had 6 spell levels left.
You knew the following spells:

 Your Spells              Type           Power        Failure   Level  Hunger
a - Freeze                Ice            ####         1%          1    None
b - Frozen Ramparts       Ice            ######       1%          3    #......
c - Corona                Hex            #......      3%          1    None
d - Summon Ice Beast      Ice/Summ       #####...     2%          4    ###....
e - Searing Ray           Conj           ######       1%          2    None
f - Summon Lightning Spi  Summ/Air       ####....     7%          4    ###....

Your spell library contained the following spells:

 Spells                   Type           Power        Failure   Level  Hunger
 Foxfire                  Conj/Fire      ####         1%          1    None
 Magic Dart               Conj           ####         1%          1    None
 Summon Butterflies       Summ           #####...     1%          1    None
 Ensorcelled Hibernation  Hex/Ice        ####..       1%          2    None
 Call Canine Familiar     Summ           #####...     1%          3    #......
 Conjure Flame            Conj/Fire      ####....     1%          3    #......
 Dazzling Flash           Conj/Hex       ####..       1%          3    #......
 Ozocubu's Armour         Chrm/Ice       ####....     1%          3    #......
 Hailstorm                Conj/Ice       ######..     1%          4    ###....
 Mephitic Cloud           Conj/Pois/Air  ####....     2%          3    #......
 Animate Skeleton         Necr           N/A          3%          1    None
 Infusion                 Chrm           #...         3%          1    None
 Poisonous Vapours        Pois/Air       ##....       3%          2    None
 Shroud of Golubria       Chrm/Tloc      #.....       4%          2    None
 Song of Slaying          Chrm           #.......     4%          2    None
 Fulminant Prism          Conj/Hex       ####......   5%          4    ###....
 Iskenderun's Mystic Bla  Conj/Tloc      ####....     5%          4    ###....
 Sticky Flame             Conj/Fire      ####....     5%          4    ###....
 Ice Form                 Ice/Tmut       ####....     7%          4    ###....
 Confusing Touch          Hex            #.......     9%          3    #......
 Spectral Weapon          Hex/Chrm       #.......     9%          3    #......
 Tukima's Dance           Hex            #.......     9%          3    #......
 Iskenderun's Battlesphe  Conj/Chrm      ####....     16%         5    #####..
 Bolt of Magma            Conj/Fire/Erth ####......   26%         5    #####..
 Cause Fear               Hex            #.........   28%         4    ###....
 Dispel Undead            Necr           #.......     28%         4    ###....
 Leda's Liquefaction      Hex/Erth       #.........   28%         4    ###....
 Petrify                  Tmut/Erth      #.......     28%         4    ###....
 Summon Mana Viper        Hex/Summ       ###.....     28%         5    #####..
 Freezing Cloud           Conj/Ice/Air   #####.....   36%         6    ######.
 Iron Shot                Conj/Erth      ####......   58%         6    ######.
 Statue Form              Tmut/Erth      #........    98%         6    ######.
 Orb of Destruction       Conj           ######....   58%         7    #######
 Spellforged Servitor     Conj/Summ      ######....   82%         7    #######
 Summon Hydra             Summ           #####.....   96%         7    #######
 Dragon Form              Tmut           #.........   100%        7    #######
 Ring of Flames           Chrm/Fire      #.........   100%        7    #######
 Dragon's Call            Summ           #####.....   100%        9    #######
 Shatter                  Erth           #.........   100%        9    #######


Dungeon Overview and Level Annotations

Branches:
Dungeon (13/15)            Temple (1/1) D:4            Lair (6/6) D:8
  Swamp (1/4) Lair:3        Snake (1/4) Lair:4        Slime (0/5) Lair:6
    Orc (1/2) D:12          IceCv (visited)
 Vaults: D:13-14

Altars:
Ashenzari
Cheibriados
Dithmenos
Elyvilon
Fedhas
Gozag
Hepliaklqana
Kikubaaqudgha
Makhleb
Nemelex Xobeh
Okawaru
Qazlal
Ru
Sif Muna
Trog
Uskayaw
Vehumet
Wu Jian
Xom
Yredelemnul
Zin
The Shining One
Jiyva

Shops:
D:4 *   D:5 *   D:7 *   D:13 (

Annotations:
D:10 Urug
Lair:1 exclusion: hydra, Harold


Innate Abilities, Weirdness & Mutations

You cannot wear most types of armour.
You are very stealthy in the water. (Stealth+)
You are amphibious.
You can wear up to eight rings at the same time.
You can use your tentacles to constrict eight enemies at once.
Your skin changes colour to match your surroundings (Stealth+).
Your rubbery body absorbs attacks. (AC +1, EV +1)


Message History

Okay, then.
Okay, then.
Casting: Freeze (safe; 1% risk of failure)
Confirm with . or Enter, or press ? or * to list all spells.
Okay, then.
Okay, then.
You feel much better.
The shock serpent shoots out a bolt of lightning at you!
The bolt of electricity misses you. You block the shock serpent's attack.
Casting: Freeze (safe; 1% risk of failure)
Confirm with . or Enter, or press ? or * to list all spells.
Aiming: Freeze (safe; 1% risk of failure)
Press: ? - help, Shift-Dir - straight line, f/p - shock serpent
Aim: a shock serpent (almost dead, poisoned)
You freeze the shock serpent.
The shock serpent is almost dead.
The shock serpent looks more healthy.
The shock serpent bites you!
* * * LOW HITPOINT WARNING * * *
The shock serpent shocks you!
You die...

........##...##(####
.........#...#....#.
......########...##.
......#..#(#.?...#..
..... #..#.#.>.#.##.
####. ##.#.##..#....
#.####.....#..#....
#..........##.#...#
##@..##.#..^###(###
#.S.#..##.##.....#
#.#.#.....#......#
...#.....#........(
##..#.....#........#
...#...((#.........
....####.###......##
#.... ..# ####..##
[..# ..##


You could see a shock serpent.

Vanquished Creatures
  Fannar (Lair:3)
  5 hydras
  A death yak (Lair:4)
  6 two-headed ogres
  A tengu warrior (D:13)
  2 naga sharpshooters
  A shock serpent (Snake:1)
  A skeletal warrior (D:12)
  2 ugly things
  8 elephants
  A cyclops (D:11)
  A centaur zombie (D:10)
  Maurice (D:10)
  A naga mage (Snake:1)
  Psyche (D:8)
  3 black mambas
  Joseph (D:10)
  3 spiny frogs
  A kobold demonologist (D:12)
  2 rime drakes
  8 komodo dragons
  2 trolls
  A hornet (D:12)
  10 polar bears (IceCv)
  A merfolk (D:11)
  2 bog bodies (Lair:3)
  Prince Ribbit (D:7)
  6 hippogriffs
  15 blink frogs
  A shadow (D:12)
  20 yaks
  Eustachio (D:4)
  A wraith (D:11)
  3 wyverns
  3 vampire mosquitoes (D:12)
  3 nagas (Lair:4)
  A swamp worm (Swamp:1)
  8 water moccasins
  2 acid dragons
  2 soldier ants
  10 porcupines
  5 orc warriors
  6 black bears
  12 ice beasts
  3 sky beasts
  2 phantoms
  A necrophage (D:11)
  6 ogres
  11 wolves
  4 centaurs
  7 crocodiles
  2 big kobolds
  2 gnoll sergeants (D:11)
  24 bullfrogs
  3 scorpions
  A wyvern skeleton (D:12)
  22 killer bees
  9 wights
  10 electric eels
  A howler monkey (D:3)
  2 crimson imps
  2 quasits
  A bullfrog zombie (D:9)
  5 orc priests
  2 jellies
  8 hounds
  2 bullfrog skeletons
  3 centaur skeletons
  Ijyb (D:4)
  2 gnoll shamans (D:11)
  3 iguanas
  18 orc wizards
  7 worker ants
  A bullfrog simulacrum (D:8)
  A hound zombie (D:9)
  A hound skeleton (D:5)
  4 worker ant zombies
  A howler monkey skeleton (D:9)
  7 gnolls
  22 adders
  3 shadow imps
  2 white imps (D:8)
  A worker ant simulacrum (D:10)
  An ufetubus (D:8)
  2 oozes
  2 adder zombies (D:9)
  2 worms
  3 dart slugs
  4 leopard geckos
  41 orcs
  2 ball pythons (D:1)
  3 giant cockroaches
  8 hobgoblins
  14 jackals
  11 kobolds
  2 quokkas
  5 bats
  4 frilled lizards
  10 goblins
  A jackal skeleton (D:7)
  A quokka zombie (D:8)
  4 rats
494 creatures vanquished.

Vanquished Creatures (collateral kills)
  A white draconian (IceCv)
  A hydra (Lair:6)
  A death yak (Lair:4)
  4 oklob plants (Lair:4)
  An elephant (Lair:4)
  An ice statue (IceCv)
  A komodo dragon (Lair:5)
  3 polar bears (IceCv)
  2 blink frogs (Lair:5)
  A wraith (D:12)
  4 yaks
  A hungry ghost (D:7)
  A necrophage (D:12)
  2 ice beasts (Lair:5)
  6 black bears (D:11)
  2 wolves (D:8)
  A centaur (D:10)
  A bullfrog (D:11)
  A killer bee (D:7)
  A wight (D:11)
  An orc wizard (D:11)
  A worker ant (D:11)
  2 centaur simulacra (D:8)
  2 white imps (D:8)
  An orc (D:11)
43 creatures vanquished.

Vanquished Creatures (others)
  A naga (Snake:1)
  A giant cockroach (D:8)
  A kobold (D:10)
  12 fungi
  4 plants
19 creatures vanquished.

Grand Total: 556 creatures vanquished

Notes
Turn   | Place    | Note
-------+----------+-------------------------------------------
     0 | D:1      | Amnekian the Octopode Ice Elementalist began the quest for
                  | the Orb.
     0 | D:1      | Reached XP level 1. HP: 11/11 MP: 3/3
   300 | D:1      | Reached XP level 2. HP: 12/17 MP: 3/5
  1254 | D:2      | Reached XP level 3. HP: 21/21 MP: 4/6
  1277 | D:1      | Learned a level 3 spell: Frozen Ramparts
  1303 | D:2      | Reached skill level 5 in Ice Magic
  1697 | D:2      | Reached XP level 4. HP: 27/27 MP: 3/7
  2505 | D:2      | Reached skill level 5 in Stealth
  2555 | D:2      | Reached XP level 5. HP: 27/31 MP: 4/8
  2951 | D:3      | Reached skill level 1 in Fighting
  3611 | D:3      | Learned a level 3 spell: Ozocubu's Armour
  3647 | D:3      | Reached XP level 6. HP: 38/39 MP: 5/9
  4277 | D:4      | Noticed Eustachio
  4570 | D:4      | Noticed Ijyb
  4917 | D:4      | Found Fagal's Lightly-Used Armoury.
  4978 | D:4      | Found a staircase to the Ecumenical Temple.
  4988 | Temple   | Entered the Ecumenical Temple
  5139 | Temple   | Became a worshipper of Elyvilon the Healer
  5178 | D:4      | Found a shimmering blue altar of Sif Muna.
  5441 | D:5      | Entered Level 5 of the Dungeon
  5486 | D:5      | Reached XP level 7. HP: 45/45 MP: 10/10
  5490 | D:5      | Noticed a yak
  5495 | D:5      | Found Ysheuterch's General Store.
  6004 | D:5      | Reached skill level 5 in Dodging
  6094 | D:5      | Noticed a yak
  6095 | D:5      | Noticed a yak
  6095 | D:5      | Noticed a yak
  6164 | D:5      | Killed a yak
  6426 | D:6      | Reached XP level 8. HP: 37/50 MP: 7/11
  6656 | D:6      | Found a hazy altar of Hepliaklqana.
  6687 | D:6      | Learned a level 4 spell: Summon Ice Beast
  6815 | D:6      | Reached skill level 1 in Summonings
  6833 | D:6      | Found a sacrificial altar of Ru.
  6833 | D:6      | Reached * piety under Elyvilon
  6834 | D:6      | Found a hide-covered altar of Uskayaw.
  6835 | D:6      | Found an ornate altar of the Wu Jian Council.
  6835 | D:6      | Found a radiant altar of Vehumet.
  6836 | D:6      | Found an ancient bone altar of Kikubaaqudgha.
  6837 | D:6      | Found a glowing silver altar of Zin.
  7021 | D:6      | Found the brooch of Shielding {Reflect SH+8}
  7452 | D:7      | Noticed Prince Ribbit
  7508 | D:7      | Reached ** piety under Elyvilon
  7775 | D:7      | Noticed a hippogriff
  8157 | D:7      | Reached skill level 5 in Summonings
  8665 | D:8      | Noticed a yak
  8668 | D:8      | Reached XP level 9. HP: 58/58 MP: 8/12
  8707 | D:8      | Reached skill level 5 in Fighting
  9503 | D:4      | Identified Sif Muna's Reference Book on Black Secrets
  9941 | D:4      | Killed Eustachio
 10030 | D:4      | Killed Ijyb
 10659 | D:8      | Noticed Psyche
 10752 | D:8      | Reached skill level 1 in Invocations
 11023 | D:8      | Reached XP level 10. HP: 61/72 MP: 10/13
 11540 | D:8      | Killed Psyche
 13186 | D:8      | Reached *** piety under Elyvilon
 13638 | D:9      | Reached skill level 1 in Shields
 14032 | D:9      | Found an opulent altar of Gozag.
 14033 | D:9      | Found a sparkling altar of Nemelex Xobeh.
 14417 | D:10     | Entered Level 10 of the Dungeon
 14581 | D:10     | Noticed Joseph
 14747 | D:10     | Noticed Urug
 15038 | D:10     | Reached skill level 5 in Shields
 15063 | D:10     | Noticed a two-headed ogre
 15135 | D:11     | Reached XP level 11. HP: 41/77 MP: 2/14
 15362 | D:11     | Reached **** piety under Elyvilon
 15750 | D:12     | Paralysed by a hornet for 1 turns
 16121 | D:12     | Noticed a red ugly thing
 16337 | D:12     | Found a flagged portal.
 16805 | D:11     | Found a basalt altar of Yredelemnul.
 16806 | D:11     | Noticed a cyclops
 17285 | D:7      | Killed Prince Ribbit
 17627 | D:7      | Found Sein's General Store.
 17903 | D:10     | You fall into a shaft and drop 3 floors!
 17963 | D:13     | Noticed a tengu warrior
 17964 | D:13     | Found Unoodisa's Weapon Emporium.
 17965 | D:13     | Noticed a cyclops
 17970 | D:13     | Noticed a two-headed ogre
 17983 | D:12     | Noticed a deep elf mage
 18005 | D:12     | Reached skill level 1 in Evocations
 18129 | D:11     | Noticed a two-headed ogre
 18137 | D:11     | Killed a two-headed ogre
 18749 | D:11     | Noticed a two-headed ogre
 18806 | D:11     | Killed a two-headed ogre
 18806 | D:11     | Reached skill level 5 in Evocations
 19070 | D:11     | Noticed a brown ugly thing
 19458 | D:11     | Killed a brown ugly thing
 19628 | D:11     | Noticed a two-headed ogre
 19686 | D:11     | Killed a two-headed ogre
 19686 | D:11     | Reached XP level 12. HP: 41/81 MP: 9/16
 20071 | D:11     | Noticed a two-headed ogre
 20101 | D:11     | Killed a two-headed ogre
 20453 | D:11     | Reached skill level 10 in Shields
 20988 | D:10     | Learned a level 2 spell: Searing Ray
 20991 | D:10     | Identified the +11 war axe "Cioraic" {venom, +Rage}
 20991 | D:10     | Noticed Maurice
 21030 | D:10     | Killed Maurice
 21277 | D:10     | Killed Joseph
 21609 | D:10     | Killed a two-headed ogre
 21746 | D:10     | Identified the +1 scale mail "Novemaus" {rPois Regen+
                  | Str-2}
 22064 | D:12     | Found a staircase to the Orcish Mines.
 22073 | Orc:1    | Entered Level 1 of the Orcish Mines
 23078 | D:12     | Learned a level 1 spell: Corona
 23225 | D:12     | Reached skill level 10 in Stealth
 23493 | D:12     | HP: 3/81 [something (11)]
 24393 | D:13     | Killed a two-headed ogre
 24659 | D:13     | Killed a tengu warrior
 24659 | D:13     | Reached skill level 5 in Conjurations
 24893 | D:8      | Found a staircase to the Lair.
 24902 | D:8      | HP: 1/82 [electric eel/bolt of electricity (8)]
 26183 | Temple   | Fell from the grace of Elyvilon
 26183 | Temple   | Became a worshipper of Cheibriados the Contemplative
 26542 | Lair:1   | Entered Level 1 of the Lair of Beasts
 26638 | Lair:1   | Noticed Harold
 27278 | Lair:1   | Noticed a seven-headed hydra
 27650 | Lair:2   | Reached XP level 13. HP: 88/88 MP: 13/19
 28175 | Lair:2   | Identified a scroll of acquirement
 28748 | Lair:3   | Found a shadowy altar of Dithmenos.
 28858 | Lair:3   | Reached * piety under Cheibriados
 29035 | Lair:3   | Noticed Fannar
 29062 | Lair:3   | Killed Fannar
 29232 | Lair:3   | Found a staircase to the Swamp.
 29344 | Swamp:1  | Entered Level 1 of the Swamp
 29613 | D:5      | Bought 5 curare-tipped darts for 42 gold pieces
 29613 | D:5      | Bought a scroll of teleportation for 42 gold pieces
 29613 | D:5      | Bought The Foundations of Spellweaving for 757 gold pieces
 29618 | D:5      | Learned a level 4 spell: Summon Lightning Spire
 29879 | Lair:2   | Reached skill level 1 in Air Magic
 30152 | Lair:4   | Reached skill level 10 in Dodging
 30442 | Lair:5   | Found a frozen archway.
 30449 | IceCv    | Entered an ice cave
 30703 | IceCv    | Reached ** piety under Cheibriados
 31655 | IceCv    | Reached *** piety under Cheibriados
 31728 | IceCv    | Noticed a white draconian
 31749 | IceCv    | Killed a white draconian
 32577 | Lair:4   | Upgraded the game from 0.25-a0-576-g50b708a4c4 to
                  | 0.25-a0-577-ga4619f409e
 32618 | Lair:4   | Found a staircase to the Snake Pit.
 32624 | Lair:4   | Upgraded the game from 0.25-a0-577-ga4619f409e to
                  | 0.25-a0-578-gc91f01c39c
 33298 | Lair:5   | Reached XP level 14. HP: 94/94 MP: 11/20
 34168 | Lair:4   | Reached **** piety under Cheibriados
 34408 | Snake:1  | Entered Level 1 of the Snake Pit
 34640 | Lair:6   | Entered Level 6 of the Lair of Beasts
 35028 | Lair:6   | Reached skill level 5 in Invocations
 35274 | Lair:6   | Found a viscous altar of Jiyva.
 35274 | Lair:6   | Found a staircase to the Slime Pits.
 35888 | Lair:5   | Reached ***** piety under Cheibriados
 37520 | Snake:1  | Slain by a shock serpent

Levels and vault maps discovered:
D:1:      scummos_arrival_forest, layout_basic
D:2:      layout_basic, first_ration, minmay_goblin_outpost
D:3:      minmay_spotlight, layout_basic
D:4:      minmay_door_path, layout_basic, minmay_temple_entry_trees,
          minmay_misc_feat_cross, minmay_shop_damaged, chequers_mini_garden,
          led_sif_book, uniq_eustachio, uniq_ijyb
D:5:      layout_loops_ring, serial_shops, nicolae_shop_trees
D:6:      layout_basic, grunt_temple_overflow_open, minmay_bent
D:7:      layout_cave_pods, serial_shops, nicolae_shop_behind_doors,
          grunt_ogre_cave, uniq_prince_ribbit1
D:8:      layout_loops_ring, erik_lair_island, serial_ice, serial_ice_b,
          serial_ice_i, serial_ice_f, serial_ice_o, uniq_psyche
D:9:      layout_rooms, grunt_temple_overflow_opulence
D:10:     layout_roguey, grunt_decor_arrowhead, minmay_radiant, uniq_joseph,
          uniq_urug, uniq_maurice
D:11:     kennysheep_town
D:12:     minmay_the_grid_square_5x5_4x4 [minmay_the_grid_square_5x5_shrine2,
          minmay_the_grid_square_5x5_eight_small,
          minmay_the_grid_square_5x5_gyroscope,
          minmay_the_grid_square_5x5_broken_cross,
          minmay_the_grid_square_5x5_two,
          minmay_the_grid_square_5x5_prize_rear_guard,
          minmay_the_grid_square_5x5_prize_pseudospiral,
          minmay_the_grid_square_5x5_six,
          minmay_the_grid_square_5x5_fancy_junction,
          minmay_the_grid_square_5x5_prize_monsterx,
          minmay_the_grid_square_5x5_prize_gold,
          minmay_the_grid_square_5x5_empty, minmay_the_grid_square_5x5_spiral,
          minmay_the_grid_square_5x5_v, minmay_the_grid_square_5x5_bracketed,
          minmay_the_grid_square_5x5_minivault], layout_basic, orc_0_dummy,
          enter_bailey_2, enter_trove_3, minmay_liquid_box,
          hangedman_decor_clover_reticule
D:13:     layout_loops_cross, serial_shops, nicolae_shop_waterfront
Temple:   nicolae_temple_god_jail
Lair:1:   layout_cave_shapes, wad_woods_road_06, uniq_harold, uniq_sonja
Lair:2:   layout_gridlike
Lair:3:   layout_chaotic_city, skrybe_swamp_entry_bodies, basic_altar,
          uniq_fannar
Lair:4:   layout_gridlike, guppyfry_snake_entry_garden, st_stairs_11,
          dpeg_oklob_1
Lair:5:   layout_big_grid, portal_ice_cave_entry_ice_beasts,
          serial_bayou_shore_b
Lair:6:   due_jungle_book, layout_gridlike, dpeg_slime_entry_enclosed_altar,
          zaba_antful_of_joy, infiniplex_staircase_pool, serial_bayou_shore_b,
          lemuel_fruit_tree, serial_bayou_shore_b
Swamp:1:  layout_basic_swamp, evilmike_swamp_ruin_house_2, swamp_pool5,
          cheibrodos_swamp_pet_leeches
Snake:1:  layout_honeycomb
Orc:1:    layout_caves, serial_shops, nicolae_shop_crystal

Skill      XL: |  1  2  3  4  5  6  7  8  9 10 11 12 13 14 |
---------------+-------------------------------------------+-----
Ice Magic      | 5 6 7 |  7.4
Stealth        | 3 5 6 9 11 | 11.1
Fighting       | 2 4 8 |  8.0
Dodging        | 3 6 7 8 11 | 11.7
Summonings     | 5 |  5.0
Invocations    | 2 4 7 |  7.5
Shields        | 5 9 10 11 | 11.9
Evocations     | 6 |  6.0
Spellcasting   | 4 |  4.0
Conjurations   | 6 7 8 |  8.5
Air Magic      | 2 |  2.2

Action                   |  1- 3 |  4- 6 |  7- 9 | 10-12 | 13-15 || total
-------------------------+-------+-------+-------+-------+-------++-------
Melee: Unarmed           |     8 |       |       |       |       ||     8
       Constrict         |     8 |    13 |    17 |    69 |    22 ||   129
       Tentacles         |     2 |     9 |    16 |   111 |    71 ||   209
       Short sword       |    17 |    45 |       |    14 |   189 ||   265
       Dagger            |       |    15 |   119 |   486 |       ||   620
       Staff             |       |       |       |       |     9 ||     9
 Fire: Hunting sling     |       |    43 |    12 |   108 |    11 ||   174
Throw: Stone             |       |    11 |    21 |       |       ||    32
       Dart              |       |       |    13 |    66 |    59 ||   138
       Boomerang         |       |       |       |     7 |       ||     7
 Cast: Freeze            |    25 |    40 |    35 |    93 |    43 ||   236
       Frozen Ramparts   |     2 |     6 |    35 |   120 |    30 ||   193
       Ozocubu's Armour  |       |       |     3 |       |       ||     3
       Summon Ice Beast  |       |       |     2 |    28 |     2 ||    32
       Searing Ray       |       |       |       |     7 |    58 ||    65
       Corona            |       |       |       |     1 |       ||     1
       Summon Lightning  |       |       |       |       |    28 ||    28
Invok: Lesser Healing    |       |       |     3 |     3 |       ||     6
       Greater Healing   |       |       |       |     5 |       ||     5
       Slouch            |       |       |       |       |     3 ||     3
Evoke: Wand              |       |       |     1 |     2 |    23 ||    26
       Lightning rod     |       |       |       |     4 |       ||     4
       Phial of floods   |       |       |       |       |     1 ||     1
  Use: Scroll            |       |     1 |     8 |    14 |    15 ||    38
       Potion            |       |       |       |     3 |     3 ||     6
 Stab: Sleeping          |     5 |    10 |     8 |    21 |    12 ||    56
       Distracted        |       |     1 |       |     4 |     6 ||    11
       Paralysed         |       |       |     1 |       |       ||     1
  Eat: Chunk             |     3 |    12 |    11 |    48 |    16 ||    90
       Ration            |       |       |     4 |     7 |     2 ||    13
Armor: Skin              |     3 |     3 |     2 |    24 |    26 ||    58
Dodge: Dodged            |    18 |    50 |    74 |   273 |   294 ||   709
Block: Other             |       |       |    29 |    25 |     1 ||    55
       Reflection        |       |       |     2 |    16 |    11 ||    29
       Buckler           |       |       |       |   178 |       ||   178
       Kite shield       |       |       |       |   232 |   582 ||   814

Table legend:
 A = Non-vault XP
 B = Vault XP
 C = Vault XP percentage of total XP
 D = Non-vault monster count
 E = Vault monster count
 F = Vault count percentage of total count
                 A         B        C        D         E       F
            +---------+---------+-------+---------+---------+-------
      Total |   45421 |   25641 |  36.1 |     384 |     154 |  28.6
            +---------+---------+-------+---------+---------+-------
        D:1 |      34 |       0 |   0.0 |      18 |       0 |   0.0
        D:2 |     130 |      10 |   7.1 |      15 |       5 |  25.0
        D:3 |     221 |      21 |   8.7 |      41 |       4 |   8.9
        D:4 |      61 |     383 |  86.3 |       5 |       6 |  54.5
        D:5 |    1432 |       0 |   0.0 |      15 |       0 |   0.0
        D:6 |     558 |     243 |  30.3 |      15 |       3 |  16.7
        D:7 |    1413 |     268 |  15.9 |      26 |       1 |   3.7
        D:8 |    2076 |    1877 |  47.5 |      38 |      21 |  35.6
        D:9 |     884 |       0 |   0.0 |      23 |       0 |   0.0
       D:10 |    3122 |    1095 |  26.0 |      28 |       5 |  15.2
       D:11 |    2000 |    6856 |  77.4 |      25 |      43 |  63.2
       D:12 |    2253 |    2265 |  50.1 |      23 |      11 |  32.4
       D:13 |    2933 |       0 |   0.0 |      12 |       0 |   0.0
     Lair:1 |    1748 |       0 |   0.0 |       9 |       0 |   0.0
     Lair:2 |    1627 |       0 |   0.0 |       8 |       0 |   0.0
     Lair:3 |    3547 |    1569 |  30.7 |      13 |       3 |  18.8
     Lair:4 |    4829 |    1947 |  28.7 |      15 |       8 |  34.8
     Lair:5 |    8547 |     943 |   9.9 |      29 |       8 |  21.6
     Lair:6 |    5179 |       0 |   0.0 |      16 |       0 |   0.0
    Swamp:1 |     154 |       0 |   0.0 |       1 |       0 |   0.0
    Snake:1 |    2624 |       0 |   0.0 |       5 |       0 |   0.0
      Orc:1 |      49 |       0 |   0.0 |       4 |       0 |   0.0
      IceCv |       0 |    8164 | 100.0 |       0 |      36 | 100.0
            +---------+---------+-------+---------+---------+-------
